 Dungeon Crawl Stone Soup version 0.23.2-33-g5129a83184 (webtiles) character file.

Game seed: 249155729901206920

89 DildoBatman the Conjurer (level 4, -5/30 HPs)
             Began as a Formicid Wizard on July 3, 2019.
             Slain by an orc
             ... wielding a +0 war axe
              (8 damage)
             ... on level 3 of the Dungeon.
             The game lasted 00:06:31 (2043 turns).

DildoBatman the Conjurer (Formicid Wizard)          Turns: 2043, Time: 00:06:32

Health: -5/30      AC:  3    Str: 11    XL:     4   Next: 84%
Magic:  2/8        EV: 12    Int: 19    God:
Gold:   92         SH:  0    Dex:  9    Spells: 2/9 levels left

rFire    + . .     SeeInvis +   a - +0 quarterstaff
rCold    . . .     Gourm    .   (no shield)
rNeg     + . .     Faith    .   s - +0 robe
rPois    .         Spirit   .   (helmet unavailable)
rElec    .         Reflect  .   (no cloak)
rCorr    .         Harm     .   (no gloves)
MR       .....                  t - +0 pair of boots
Stlth    ++........             (no amulet)
HPRegen  0.10/turn              r - ring of positive energy
MPRegen  0.11/turn              m - ring of protection from fire

@: no status effects
A: permanent stasis, dig shafts and tunnels, four strong arms, antennae 3
a: Dig, Shaft Self


You were on level 3 of the Dungeon.
You were not hungry.

You visited 1 branch of the dungeon, and saw 3 of its levels.

You collected 92 gold pieces.

Inventory:

Hand Weapons
 a - a +0 quarterstaff (weapon)
 b - a +0 dagger of speed
Missiles
 f - 82 arrows
 i - 11 poisoned needles
 k - 251 stones (quivered)
 u - 4 curare-tipped needles
 y - 18 sling bullets
Armour
 s - a +0 robe (worn)
 t - a +0 pair of boots (worn)
Jewellery
 m - a ring of protection from fire (right hand)
 r - a ring of positive energy (left hand)
Scrolls
 c - a scroll of amnesia {unknown}
 d - 3 scrolls of magic mapping {unknown}
 e - a scroll of enchant armour {unknown}
 j - a scroll of enchant weapon {unknown}
 n - 2 scrolls of identify {unknown}
 o - a scroll of fog {unknown}
 w - a scroll of fear {unknown}
Potions
 g - 3 potions of agility {unknown}
 l - 2 potions of heal wounds {unknown}
 p - 2 potions of degeneration {unknown}
 q - a potion of ambrosia {unknown}
 x - a potion of curing {unknown}
Comestibles
 v - 5 rations


   Skills:
 - Level 1.7 Dodging
 - Level 2.4 Stealth
 - Level 3.2 Spellcasting
 * Level 3.8 Conjurations
   Level 1.0 Summonings
   Level 0.8 Translocations


You had 2 spell levels left.
You knew the following spells:

 Your Spells              Type           Power        Failure   Level  Hunger
a - Conjure Flame         Conj/Fire      ##......     21%         3    ###....
c - Magic Dart            Conj           ###.         3%          1    None
e - Mephitic Cloud        Conj/Pois/Air  #.......     26%         3    ###....

Your spell library contained the following spells:

 Spells                   Type           Power        Failure   Level  Hunger
 Call Imp                 Summ           #.......     16%         2    ##.....
 Slow                     Hex            #.......     22%         2    ##.....
 Blink                    Tloc           Unusable     N/A         2    N/A

Dungeon Overview and Level Annotations

Branches:
Dungeon (3/15)

Altars:
Nemelex Xobeh
Sif Muna

Annotations:
D:2 1 exclusion


Innate Abilities, Weirdness & Mutations

You cannot be hasted, slowed, berserked, paralysed or teleported.
You can dig through walls and to a lower floor.
Your four strong arms can wield two-handed weapons with a shield.
You have a pair of large antennae on your head. (SInv)


Message History

The orc barely misses you.
You hit the orc.
The orc is heavily wounded.
The orc hits you with a +0 whip. The orc closely misses you.
You barely miss the orc.
The orc is heavily wounded.
The orc hits you with a +0 whip. The orc hits you with a +0 war axe!
You extend your mandibles.
You dig through the rock wall.
You dig through the rock wall.
The orc misses you.
You dig through the rock wall.
You dig through the rock wall.
You dig through the rock wall.
You retract your mandibles.
The orc hits you with a +0 whip. The orc hits you with a +0 war axe!
You die...

#....#. #
..$.<.##.#
#.....#.#
#.#....(#.###
..........####
#....).....##
##<)##.#....#
#.#..#..#....
##o#@........
##o#o#.##.. {
##.## .# ### #


You could see 2 orcs.

Vanquished Creatures
  2 adders
  3 oozes (D:1)
  A dart slug (D:1)
  2 leopard geckos
  3 orcs
  A ball python (D:1)
  2 giant cockroaches
  4 goblins (D:2)
  4 hobgoblins (D:1)
  7 jackals
  A quokka (D:2)
  6 bats
  6 kobolds
  9 rats
51 creatures vanquished.

Notes
Turn   | Place    | Note
-------+----------+-------------------------------------------
     0 | D:1      | DildoBatman the Formicid Wizard began the quest for the
                  | Orb.
     0 | D:1      | Reached XP level 1. HP: 13/13 MP: 4/4
   162 | D:1      | Reached skill level 1 in Conjurations
   350 | D:1      | Reached XP level 2. HP: 19/19 MP: 0/6
   695 | D:1      | Reached XP level 3. HP: 16/24 MP: 0/7
   700 | D:1      | Learned a level 3 spell: Conjure Flame
   704 | D:1      | Learned a level 3 spell: Mephitic Cloud
  1329 | D:2      | Reached XP level 4. HP: 30/30 MP: 1/8
  1389 | D:2      | Found a sparkling altar of Nemelex Xobeh.
  1580 | D:2      | You fall through a shaft!
  1772 | D:2      | Found a deep blue altar of Sif Muna.
  2043 | D:3      | Slain by an orc

Skill      XL: |  1  2  3 |
---------------+----------+-----
Conjurations   | 1 2 3 |  3.8
Dodging        | |  1.7
Stealth        | |  2.4
Spellcasting   | |  3.2
Summonings     | |  1.0
Translocations | |  0.8

Action                   |  1- 3 |  4- 6 || total
-------------------------+-------+-------++-------
Melee: Club              |    45 |     1 ||    46
       Quarterstaff      |       |    15 ||    15
 Cast: Magic Dart        |    76 |    33 ||   109
       Mephitic Cloud    |       |     1 ||     1
 Abil: Dig               |     3 |     2 ||     5
 Stab: Sleeping          |     2 |       ||     2
  Eat: Chunk             |     2 |     2 ||     4
Armor: Robe              |    15 |     5 ||    20
Dodge: Dodged            |    62 |    17 ||    79
